 Dungeon Crawl Stone Soup version 0.27-a0-1334-g2746e35aca (webtiles) character file.

Game seed: 11740054050814123366

65 dickylongcocking the Magician (level 4, -2/34 HPs)
             Began as a Djinni Hedge Wizard on June 27, 2021.
             Slain by a hobgoblin (3 damage)
             ... led by Robin
             ... on level 3 of the Dungeon.
             The game lasted 00:01:51 (2507 turns).

dickylongcocking the Magician (Djinni Hedge Wizard) Turns: 2507, Time: 00:01:51

Health: -2/34      AC:  6    Str:  9    XL:     4   Next: 34%
Gold:   109        EV: 11    Int: 16    God:
                   SH:  0    Dex: 13

rFire    + + .     SeeInvis .   m - +3 dagger (drain)
rCold    x . .     Faith    .   (no shield)
rNeg     . . .     Spirit   .   g - +0 leather armour
rPois    ∞         Reflect  .   c - +0 hat
rElec    .         Harm     .   e - +2 cloak
rCorr    .         Rampage  .   (no gloves)
Will     .....                  (boots unavailable)
Stlth    ++........             (no amulet)
HPRegen  0.11/turn              (no ring)
MPRegen  0.00/turn              (no ring)

@: flying, very slightly contaminated
A: sickness immunity, fire resistance 2, cold vulnerability 1, float, innate
caster, hp casting, extra vitality 1
a: no special abilities


You were on level 3 of the Dungeon.
You visited 1 branch of the dungeon, and saw 3 of its levels.

You collected 109 gold pieces.

Inventory:

Hand Weapons
 a - a +0 dagger
 m - a +3 dagger of draining (weapon)
Armour
 b - a +0 robe
 c - a +0 hat (worn)
 e - a +2 cloak (worn)
 g - a +0 leather armour (worn)
Jewellery
 j - a ring of poison resistance
Scrolls
 d - a scroll of identify {unknown}
 f - a scroll of immolation {unknown}
 h - 2 scrolls of teleportation {unknown}
 i - a scroll of fear {unknown}
 l - a scroll of vulnerability {unknown}
 n - a scroll of enchant armour {unknown}
 o - a scroll of magic mapping {unknown}


   Skills:
 * Level 2.3 Fighting
 * Level 0.4 Short Blades
 - Level 2.1 Dodging
 - Level 1.5 Stealth
 * Level 3.1 Spellcasting


You couldn't memorise any spells.
You knew the following spells:

 Your Spells              Type           Power      Damage    Failure   Level
a - Magic Dart            Conj           48%        1d5       7%          1
b - Blink                 Tloc           N/A        N/A       11%         2
c - Call Imp              Summ           12%        N/A       11%         2
d - Slow                  Hex            12%        N/A       11%         2
e - Conjure Flame         Conj/Fire      12%        6-21      22%         3
f - Mephitic Cloud        Conj/Pois/Air  12%        N/A       22%         3
g - Summon Small Mammal   Summ           48%        N/A       7%          1
Your spell library was empty.

Dungeon Overview and Level Annotations

Branches:
Dungeon (3/15)

Altars:

Annotations:
D:3 Robin


Innate Abilities, Weirdness & Mutations

You are immune to sickness and miasma.
You are immune to poison.
Your flesh is very heat resistant. (rF++)
You are vulnerable to cold. (rC-)
You float through the air rather than walking.
You learn spells naturally, not from books.
Your magical power is your life essence.
You have superior vitality. (+4 HP)


Message History

Your crimson imp blinks!
Your crimson imp misses the hobgoblin.
Your crimson imp hits the goblin.
Your crimson imp hits the goblin.
The hobgoblin closely misses you. The goblin misses your crimson imp.
Your crimson imp hits the goblin.
The goblin dies!
Something closely misses your shadow imp.
Casting: Call Imp (safe; 11% risk of failure)
Confirm with . or Enter, or press ? or * to list all spells.
A beastly little devil appears in a puff of flame.
* * * LOW HITPOINT WARNING * * *
Your shadow imp hits the goblin.
Unknown command.
Unknown command.
Your crimson imp barely misses the goblin.
Unknown command.
Your crimson imp hits the hobgoblin.
The hobgoblin no longer looks unusually strong.
The goblin no longer looks unusually strong.
The hobgoblin no longer looks unusually strong.
Your crimson imp barely misses the hobgoblin.
Your crimson imp hits the hobgoblin.
Something completely misses your crimson imp. x2
Casting: Call Imp (safe; 11% risk of failure)
Confirm with . or Enter, or press ? or * to list all spells.
You miscast Call Imp.
You are very lightly contaminated with residual magic.
Nothing appears to happen.
* * * LOW HITPOINT WARNING * * *
Your crimson imp barely misses the goblin.
The hobgoblin hits you.
* * * LOW HITPOINT WARNING * * *
Unknown command.
Unknown command.
Your shadow imp disappears in a puff of smoke!
The goblin hits your crimson imp with a +0 dagger.
The goblin no longer looks unusually strong.
Your crimson imp disappears in a puff of smoke!
The hobgoblin hits you.
You die...

..........# ###.....#...#
......g..g#####.##.##.⌠.#
####...5............#...#
##....g####÷....#.###.##
#.......# #........##.#######
#...)...#
#........#...##...##
#.......#
#.....#..(.⌠.'..⌠.<#
##.....##
#####.#.##...##...##
#.......#######@..###'#######
#.......gg..5gg....##.##
#..................#†..#
##.....##..........#.⌠.#
##...###..........#...# #####
#..........##>##
#...........###
#...............
##......(......#


You could see 2 hobgoblins, 2 goblins and a friendly crimson imp (summoned).

Vanquished Creatures
  2 adders (D:2)
  A dart slug (D:2)
  5 endoplasms
  2 hobgoblins (D:1)
  3 jackals (D:1)
  2 quokkas (D:1)
  A ball python (D:1)
  6 bats
  4 frilled lizards
  5 goblins
  6 kobolds
  3 rats
40 creatures vanquished.

Vanquished Creatures (collateral kills)
  4 goblins (D:3)
  A kobold (D:1)
5 creatures vanquished.

Grand Total: 45 creatures vanquished

Notes
Turn   | Place    | Note
-------+----------+-------------------------------------------
     0 | D:1      | dickylongcocking the Djinni Hedge Wizard began the quest
                  | for the Orb.
     0 | D:1      | Reached XP level 1. HP: 15/15 MP: 0/0
   452 | D:1      | Reached XP level 2. HP: 19/22 MP: 0/0
   584 | D:1      | Reached skill level 1 in Fighting
   966 | D:1      | Found a faded altar of an unknown god.
   988 | D:1      | Reached XP level 3. HP: 5/27 MP: 0/0
   988 | D:1      | Learned a level 1 spell: Summon Small Mammal
  1417 | D:2      | Reached skill level 3 in Spellcasting
  1652 | D:2      | You are sucked into a shaft and drop 1 floor!
  1765 | D:2      | Reached XP level 4. HP: 26/33 MP: 0/0
  2469 | D:3      | Noticed Robin
  2503 | D:3      | HP: 1/34 [hobgoblin[Robin] (3)]
  2507 | D:3      | Slain by a hobgoblin

Illustrated notes

Levels and vault maps discovered:
D:1:      lemuel_arrival_muddy, layout_basic, ebering_ecumenical_altar_box
D:2:      layout_loops_ring, serial_park_tiny_1, minmay_stone_trees_medium,
          minmay_heptomino_d4
D:3:      layout_rooms, grunt_ministairs_5, minivault_23, uniq_robin

Skill      XL: |  1  2  3 |
---------------+----------+-----
Fighting       | 1 2 |  2.3
Spellcasting   | 3 |  3.1
Short Blades   | |  0.4
Dodging        | |  2.1
Stealth        | |  1.5

Action                   |  1- 3 |  4- 6 || total
-------------------------+-------+-------++-------
Melee: Dagger            |     6 |    26 ||    32
 Cast: Magic Dart        |    66 |       ||    66
       Call Imp          |     3 |     6 ||     9
       Blink             |     1 |     1 ||     2
  Use: Potion            |       |     1 ||     1
Armor: Leather armour    |    11 |    18 ||    29
Dodge: Dodged            |    15 |    34 ||    49

Table legend: (Time is in decaauts)
 A = Elapsed time spent in this place.
 B = Non-inter-level travel time spent in this place.
 C = Inter-level travel time spent in this place.
 D = Time resting spent in this place.
 E = Time spent auto-exploring this place.
 F = Levels seen in this place.
 G = Mean time per level.
                   A        B        C        D        E       F      G
               +--------+--------+--------+--------+--------+-----+--------+
         Total |   2506 |   2478 |     28 |    377 |   1796 |   3 |  835.3 |
       Dungeon |   2506 |   2478 |     28 |    377 |   1796 |   3 |  835.3 |
               +--------+--------+--------+--------+--------+-----+--------+

Top non-repeatable levels by time:
     D:1: 1401 daAuts
     D:2: 906 daAuts
     D:3: 199 daAuts
